 Dungeon Crawl Stone Soup version 0.19-a0-994-g3c636f0 (webtiles) character file.

22086 4thArraOfDagon the Grappler (level 12, -2/115 HPs)
             Began as a Troll Air Elementalist on July 17, 2016.
             Was a High Priest of the Shining One.
             Succumbed to a green ugly thing's poison
             ... on level 15 of the Dungeon.
             The game lasted 00:35:36 (6053 turns).

4thArraOfDagon the Grappler (TrAE)                  Turns: 6053, Time: 00:35:37

Health: -2/115     AC: 11    Str: 19    XL:     12   Next: 59%
Magic:  17/17      EV: 13    Int: 15    God:    the Shining One [*****.]
Gold:   489        SH: 29    Dex: 10    Spells: 3 memorised, 8 levels left

rFire  + . .     SeeInvis .       - Unarmed
rCold  . . .     Gourm    +     s - +2 robe {rF+}
rNeg   + + .     Faith    .     B - +0 large shield
rPois  .         Spirit   .     (helmet restricted)
rElec  .         Dismiss  .     u - +2 cloak
rCorr  .         Reflect  +     (gloves unavailable)
SustAt .         Harm     .     (boots unavailable)
MR     .....                    L - +6 amulet of reflection
Stlth  ++........               F - +4 ring of evasion
                                O - ring of Shadows {Umbra +Inv Stlth+}

@: lethally poisoned (-2 -> -36), divine shield, slowed, very slow, not
resistant to hostile enchantments, unstealthy
A: unfitting armour, claws 3, icy blue scales 1, fast metabolism 3, gourmand,
sense surroundings 1, regeneration 2, screaming 1, shaggy fur 1, tough skin 2
a: Divine Shield, Cleansing Flame, Summon Divine Warrior, Renounce Religion,
Evoke Invisibility


You were on level 15 of the Dungeon.
You worshipped the Shining One.
The Shining One was extremely pleased with you.
You were full.

You visited 2 branches of the dungeon, and saw 16 of its levels.
You also visited: Labyrinth, Sewer and Ossuary.

You collected 489 gold pieces.

Inventory:

Hand Weapons
 p - a +3 scimitar of flaming
Missiles
 d - 9 large rocks (quivered)
Armour
 s - a +2 robe of fire resistance (worn)
 u - a +2 cloak (worn)
 x - a +2 robe of the Archmagi
 B - a +0 large shield (worn)
Rods
 f - a +2 rod of ignition (14/14)
   (You found it on level 5 of the Dungeon)
Jewellery
 t - an uncursed ring of fire
 D - an uncursed ring of resist corrosion
 F - a +4 ring of evasion (right claw)
 L - a +6 amulet of reflection (around neck)
 O - the ring of Shadows (left claw) {Umbra +Inv Stlth+}
   (You found it on level 11 of the Dungeon)

   [ring of stealth]

   It lets you turn invisible.
   It makes you more stealthy.
Wands
 j - a wand of lightning (0/15)
 C - a wand of paralysis (8/24)
 H - a wand of paralysis (3/24)
 M - a wand of acid (8/15)
 N - a wand of slowing (14/48)
 P - a wand of digging (8/24)
 R - a wand of lightning (5/15)
 T - a wand of random effects (34/48)
 U - a wand of lightning (6/15)
 V - a wand of lightning (6/15)
Scrolls
 a - 2 scrolls of enchant armour
 k - a scroll of magic mapping
 q - 9 scrolls of teleportation
 v - 2 scrolls of enchant weapon
 w - 4 scrolls of recharging {unknown}
 y - 4 scrolls of vulnerability
 G - a scroll of fear
Potions
 e - a potion of haste
 g - 3 potions of flight
 i - 3 potions of magic
 l - 3 potions of degeneration
 m - 2 potions of curing
 n - 4 potions of brilliance
 r - 2 potions of resistance
 E - 2 potions of invisibility
 I - a potion of mutation {unknown}
 Q - a potion of agility
Books
 b - a book of Air

   Spells                             Type                      Level
   a - Shock                          Conjuration/Air              1
   b - Swiftness                      Charms/Air                   2
   c - Repel Missiles                 Charms/Air                   2
   d - Static Discharge               Conjuration/Air              3
   e - Lightning Bolt                 Conjuration/Air              5
Miscellaneous
 J - a fan of gales
Comestibles
 c - 7 bread rations
 o - 9 royal jellies
 A - 4 meat rations


   Skills:
 - Level 6.4 Fighting
 + Level 7.5 Dodging
 - Level 1.1 Stealth
 * Level 3.8 Shields
 * Level 13.2 Unarmed Combat
 - Level 1.2 Spellcasting
 - Level 0.6 Conjurations
 - Level 2.0 Air Magic
 + Level 8.2 Invocations
 - Level 4.0 Evocations


You had 8 spell levels left.
You knew the following spells:

 Your Spells              Type           Power        Failure   Level  Hunger
a - Shock                 Conj/Air       #...         98%         1    ##.....
b - Repel Missiles        Chrm/Air       #.....       100%        2    ###....
c - Swiftness             Chrm/Air       #.......     100%        2    ###....


Dungeon Overview and Level Annotations

Branches:
Dungeon (15/15)            Temple (1/1) D:5          Vaults (0/5) D:14
 Depths (0/5) D:15
   Lair: D:8-11         Orc: D:9-12

Altars:
Cheibriados
Dithmenos
Elyvilon
Gozag
Hepliaklqana
Kikubaaqudgha
Makhleb
Nemelex Xobeh
Okawaru
Pakellas
Qazlal
Ru
Sif Muna
Trog
Uskayaw
Vehumet
Zin
The Shining One
Lugonu

Shops:
D:6 =   D:15 (

Annotations:
D:9 Ajdolov's ghost, journeyman FoFi
D:12 Harold
D:13 exclusion: upstairs, Nessos
D:15 exclusion: orange crystal statue, Sonja


Innate Abilities, Weirdness & Mutations

You are too large for most types of armour.
You have claws for hands.
Your metabolism is lightning-fast.
You like to eat raw meat.
You heal very quickly.
You are covered in fur. (AC +1)
You have very tough skin. (AC +2)
You are partially covered in icy blue scales. (AC +1)
You passively map a small area around you.
You occasionally shout uncontrollably at your foes.


Message History

* * * LOW HITPOINT WARNING * * *
The green ugly thing bites you. The Shining One protects you from harm!
You are lethally poisoned!
The green ugly thing poisons you!
Found seven items. 2 ugly things, an ogre and an ogre mage come into view.
Unknown command.
Unknown command.
Unknown command.
Unknown command.
Unknown command.
As you read the scroll of fear, it crumbles to dust.
You assume a fearsome visage.
The boggart looks frightened! x3
The orange crystal statue is unaffected.
The ogre mage looks frightened!
The ogre looks frightened!
The two-headed ogre looks frightened!
The ogre looks frightened!
The two-headed ogre looks frightened!
The ogre looks frightened! x2
The green ugly thing looks frightened! x4
You die...

, * 8..# * , *
.g.# ** g$g.#
#...## #..O.?#
##..OO.?#
#.u..8O|# **
#@u....!# , ,
......uu#OOO.!#
*
#########*...##
, !..# ,..# *,
.# ,, # * , , *


You could see an orange crystal statue, 4 ugly things, an ogre mage (fleeing), 2
two-headed ogres, 4 ogres and 3 boggarts.

Vanquished Creatures
  A minotaur (Lab)
  A yaktaur captain (D:15)
  A hydra (D:14)
  3 centaur warriors
  A tengu warrior (D:15)
  Pikel (D:6)
  The ghost of Zooty the Frost Mage, a novice HaIE (D:7)
  A hill giant (D:11)
  A griffon (D:14)
  3 cyclopes
  A manticore (D:15)
  2 ugly things
  A centaur zombie (D:15)
  Psyche (D:8)
  4 gargoyles (Lab)
  A komodo dragon (D:13)
  An efreet (D:13)
  A troll (shapeshifter) (D:14)
  2 trolls (D:13)
  A minotaur skeleton (Lab)
  Sigmund (D:5)
  4 slime creatures
  A shadow (D:10)
  2 wraiths
  2 wyverns
  6 yaks (D:10)
  A basilisk (Lab)
  A hungry ghost (D:15)
  A mottled dragon (D:13)
  A hippogriff (D:10)
  Edmund (D:5)
  A water moccasin (D:14)
  3 orc warriors
  4 ice beasts
  A necrophage (D:6)
  A slave (D:6)
  A phantom (D:7)
  4 ogres
  13 centaurs
  A crocodile (D:15)
  2 big kobolds
  Blork the orc (D:6)
  An elf zombie (Ossuary)
  9 giant frogs
  A water moccasin skeleton (D:9)
  A scorpion (D:5)
  3 killer bees (D:8)
  4 crimson imps
  2 giant frog zombies (D:13)
  A quasit (D:12)
  3 hounds
  5 jellies
  8 orc wizards
  A human zombie (Ossuary)
  A giant frog skeleton (D:9)
  2 orc priests (D:4)
  4 centaur skeletons
  An iguana (D:12)
  2 worker ants
  4 sheep (D:14)
  A big kobold zombie (Ossuary)
  2 hound zombies (Ossuary)
  2 hound skeletons
  4 mummies (Ossuary)
  2 worker ant zombies (D:8)
  Robin (D:3)
  A howler monkey zombie (D:8)
  3 adders
  4 gnolls (D:4)
  A howler monkey skeleton (D:5)
  2 river rats (Sewer)
  2 shadow imps (D:7)
  6 oozes
  2 adder zombies
  2 adder skeletons
  6 giant geckos
  18 orcs
  3 giant cockroaches
  10 goblins
  5 hobgoblins
  18 jackals
  19 kobolds
  3 quokkas
  A ball python zombie (D:6)
  3 bats
  A giant gecko skeleton (D:4)
  A giant gecko zombie (D:8)
  2 goblin zombies (Ossuary)
  A jackal skeleton (D:7)
  A jackal zombie (Ossuary)
  2 kobold zombies (Ossuary)
  An orc zombie (Ossuary)
  7 rats
272 creatures vanquished.

Vanquished Creatures (collateral kills)
  Louise (D:14)
1 creature vanquished.

Vanquished Creatures (others)
  A centaur warrior (D:15)
  An eye of draining (D:13)
  3 centaurs (D:15)
  A worker ant (D:6)
6 creatures vanquished.

Grand Total: 279 creatures vanquished

Notes
Turn   | Place    | Note
-------+----------+-------------------------------------------
     0 | D:1      | 4thArraOfDagon the Troll Air Elementalist began the quest for the Orb.
     0 | D:1      | Reached XP level 1. HP: 16/16 MP: 1/1
    85 | D:1      | Reached skill level 1 in Unarmed Combat
   174 | D:3      | Reached XP level 2. HP: 24/24 MP: 2/2
   216 | D:3      | Reached skill level 3 in Unarmed Combat
   216 | D:3      | Reached XP level 3. HP: 8/31 MP: 3/3
   272 | D:3      | Found a glowing drain.
   277 | Sewer    | Entered a sewer
   333 | Sewer    | Noticed a big kobold
   347 | Sewer    | Killed a big kobold
   347 | Sewer    | Reached skill level 4 in Unarmed Combat
   347 | Sewer    | Reached XP level 4. HP: 27/39 MP: 4/4
   365 | Sewer    | Reached XP level 5. HP: 34/45 MP: 5/5
   379 | Sewer    | Found a white marble altar of Elyvilon.
   511 | D:3      | Reached skill level 5 in Unarmed Combat
   575 | D:3      | Found a burning altar of Makhleb.
   580 | D:3      | meh
   691 | D:5      | Entered Level 5 of the Dungeon
   791 | D:5      | Found a staircase to the Ecumenical Temple.
   797 | Temple   | Entered the Ecumenical Temple
   807 | Temple   | Became a worshipper of the Shining One
   833 | D:5      | Reached skill level 6 in Unarmed Combat
   833 | D:5      | Reached XP level 6. HP: 38/53 MP: 6/6
   861 | D:5      | Found a sand-covered staircase.
   866 | Ossuary  | Entered an ossuary
   870 | Ossuary  | Reached * piety under the Shining One
   930 | Ossuary  | Reached skill level 1 in Invocations
  1112 | D:5      | Reached skill level 1 in Fighting
  1112 | D:5      | Reached XP level 7. HP: 58/62 MP: 7/7
  1138 | D:5      | Identified a +2 rod of ignition (14/14) (You found it on level 5 of the Dungeon)
  1260 | D:3      | Noticed Robin
  1275 | D:3      | Killed Robin
  1398 | D:4      | Reached skill level 7 in Unarmed Combat
  1492 | D:4      | Reached ** piety under the Shining One
  1646 | D:5      | Noticed Sigmund
  1654 | D:5      | Killed Sigmund
  1654 | D:5      | Reached XP level 8. HP: 72/72 MP: 8/8
  1683 | D:5      | Found a radiant altar of Vehumet.
  1688 | D:5      | Found an opulent altar of Gozag.
  1693 | D:5      | Found a hazy altar of Hepliaklqana.
  1783 | D:5      | Noticed Edmund
  1791 | D:5      | Killed Edmund
  1791 | D:5      | Reached skill level 8 in Unarmed Combat
  1838 | D:6      | Noticed Blork the orc
  1845 | D:6      | Killed Blork the orc
  1909 | D:6      | Noticed Pikel
  1930 | D:6      | Killed Pikel
  1952 | D:6      | Reached XP level 9. HP: 83/83 MP: 10/10
  2030 | D:6      | Found Puwiaw's Jewellery Emporium.
  2075 | D:6      | meh
  2123 | D:7      | Reached skill level 9 in Unarmed Combat
  2126 | D:7      | Noticed Zooty's ghost (novice HaIE)
  2146 | D:7      | Killed Zooty's ghost
  2369 | D:8      | Reached *** piety under the Shining One
  2373 | D:8      | Noticed Psyche
  2405 | D:7      | Noticed an eight-headed hydra
  2406 | D:7      | lol
  2452 | D:7      | Found an iron altar of Okawaru.
  2593 | D:8      | Killed Psyche
  2593 | D:8      | Reached skill level 5 in Dodging
  2593 | D:8      | Reached skill level 10 in Unarmed Combat
  2593 | D:8      | Reached skill level 5 in Invocations
  2727 | D:8      | magipi: hello
  2800 | D:9      | Noticed Ajdolov's ghost (journeyman FoFi)
  2836 | D:9      | Reached XP level 10. HP: 94/94 MP: 12/12
  2839 | D:9      | 4thArraOfDagon: hey bud
  2924 | D:9      | magipi: tso troll? What is the synergy here?
  2954 | D:10     | Entered Level 10 of the Dungeon
  3141 | D:9      | Found a white marble altar of Elyvilon.
  3148 | D:9      | 4thArraOfDagon: idk
  3148 | D:9      | magipi: :D
  3148 | D:9      | 4thArraOfDagon: i just want to pull it off
  3148 | D:9      | 4thArraOfDagon: with troll
  3148 | D:9      | 4thArraOfDagon: D
  3148 | D:9      | 4thArraOfDagon: more like trolling
  3494 | D:11     | Reached **** piety under the Shining One
  3501 | D:11     | Reached skill level 5 in Fighting
  3636 | D:11     | Reached skill level 1 in Evocations
  3657 | D:11     | lol
  3667 | D:11     | 4thArraOfDagon: lol funny shit
  3730 | D:11     | Noticed a hill giant
  3738 | D:11     | Killed a hill giant
  3738 | D:11     | Reached skill level 11 in Unarmed Combat
  3905 | D:12     | Noticed Harold
  3938 | D:12     | Reached XP level 11. HP: 102/104 MP: 14/14
  4074 | D:13     | Learned a level 2 spell: Repel Missiles
  4075 | D:13     | magipi: this aura looks very weird
  4140 | D:13     | Found a corrupted altar of Lugonu.
  4141 | D:13     | Found a labyrinth entrance.
  4155 | Lab      | Entered a labyrinth
  4160 | Lab      | 4thArraOfDagon: yea
  4160 | Lab      | 4thArraOfDagon: but
  4160 | Lab      | 4thArraOfDagon: i can go invis now:D
  4476 | Lab      | MEH
  4628 | Lab      | magipi: we've been here before, I think
  4735 | Lab      | Noticed a minotaur
  4738 | Lab      | 4thArraOfDagon: o ok
  4748 | Lab      | Killed a minotaur
  4782 | Lab      | Got a crude copper ring
  4786 | Lab      | Identified the ring "Kudeinky" {Str+4 Slay-5 Stlth+} (You found it in a labyrinth)
  4787 | Lab      | lol
  4809 | D:13     | Noticed a centaur warrior
  4822 | D:13     | Killed a centaur warrior
  4861 | D:13     | Noticed a red ugly thing
  4872 | D:13     | Killed a red ugly thing
  4872 | D:13     | Reached skill level 12 in Unarmed Combat
  5040 | D:13     | Noticed a centaur warrior
  5051 | D:13     | Killed a centaur warrior
  5058 | D:12     | Noticed an eight-headed hydra
  5088 | D:13     | Noticed Nessos
  5088 | D:13     | Noticed a hill giant
  5218 | D:13     | Reached ***** piety under the Shining One
  5247 | D:15     | Entered Level 15 of the Dungeon
  5258 | D:15     | Noticed a tengu warrior
  5281 | D:15     | Found Caechot's Weapon Emporium.
  5316 | D:14     | Noticed a griffon
  5334 | D:14     | Killed a griffon
  5462 | D:14     | Noticed Louise
  5474 | D:14     | Killed Louise
  5474 | D:14     | Reached XP level 12. HP: 115/115 MP: 8/16
  5536 | D:14     | Gained mutation: You occasionally shout uncontrollably at your foes. [mutagenic meat]
  5539 | D:14     | Gained mutation: You are partially covered in icy blue scales. (AC +1) [mutagenic meat]
  5542 | D:14     | Gained mutation: You passively map a small area around you. [mutagenic meat]
  5550 | D:14     | Noticed a four-headed hydra
  5571 | D:14     | Killed a four-headed hydra
  5571 | D:14     | Reached skill level 1 in Shields
  5605 | D:14     | Found a gate to the Vaults.
  5720 | D:15     | Noticed Sonja
  5803 | D:15     | Found a staircase to the Depths.
  5803 | D:15     | Noticed a yaktaur captain
  5810 | D:15     | Killed a yaktaur captain
  5813 | D:15     | Noticed a centaur warrior
  5823 | D:15     | Killed a centaur warrior
  5847 | D:15     | Learned a level 2 spell: Swiftness
  5863 | D:15     | Noticed a centaur warrior
  5875 | D:15     | Killed a centaur warrior
  5875 | D:15     | Reached skill level 13 in Unarmed Combat
  5929 | D:15     | Killed a tengu warrior
  6050 | D:15     | zero: oh
  6050 | D:15     | Sapher: evoke something?
  6052 | D:15     | HP: 3/115 [green ugly thing (16)]
  6052 | D:15     | The Shining One protects you from harm!
  6053 | D:15     | Noticed an ogre mage
  6053 | D:15     | 4thArraOfDagon: :D
  6053 | D:15     | Succumbed to a green ugly thing's poison

Vault maps used:
D:1:      zaba_arrival_water, minmay_misc_feat_pillars,
          minmay_misc_feat_ornament, minmay_hedge_maze, st_stairs_12
D:2:      evilmike_ruin_ashenzari
D:3:      lightli_sewer_entry_pipes, first_bread, makhleb_blood_cavern_becter,
          uniq_robin
D:5:      fedhas_altar_fruit_tree, minmay_overflow_temple_star_quad,
          enter_ossuary_5, uniq_menkaure, uniq_edmund, uniq_sigmund
D:6:      serial_shops, shop, uniq_crazy_yiuf_cottage, uniq_pikel,
          uniq_blork_the_orc
D:7:      okawaru_ov_weapons_minmay
D:8:      uniq_psyche
D:9:      nicolae_overflow_crystal_walls
D:10:     serial_corexii_hall, corexii_hall_statues_l, corexii_hall_statues_s
D:11:     lair_0_dummy, orc_0_dummy
D:12:     uniq_harold, uniq_kirke
D:13:     lab_entry_generic, hangedman_little_slice_of_home, st_stairs_12,
          tgw_lugonu_bribe, uniq_nessos
D:14:     david_vaults_4, basic_altar, kennysheep_nondescript, uniq_louise
D:15:     grunt_enter_depths_snipers, serial_shops, shop, serial_park_square3,
          minmay_more_statues, uniq_roxanne, uniq_sonja
Temple:   nicolae_temple_x_marks_the_god
Lab:      labyrinth_mini_lab, nicolae_lab_big_swirl, nicolae_lab_checkerboard,
          nicolae_lab_garden, nicolae_lab_starburst, nicolae_lab_quarters,
          nicolae_lab_lava
Sewer:    sewer_kobolds
Ossuary:  ossuary_minmay_tomb_2a

Skill      XL: |  1  2  3  4  5  6  7  8  9 10 11 12 |
---------------+-------------------------------------+-----
Unarmed Combat | 1 3 4 6 7 8 10 11 12 13 | 13.2
Invocations    | 1 2 3 5 6 7 8 |  8.2
Dodging        | 2 3 5 6 7 |  7.5
Fighting       | 1 2 3 4 5 6 |  6.4
Evocations     | 2 3 4 |  4.0
Shields        | 3 |  3.8
Stealth        | |  1.1
Spellcasting   | |  1.2
Conjurations   | |  0.6
Air Magic      | |  2.0

Action                   |  1- 3 |  4- 6 |  7- 9 | 10-12 || total
-------------------------+-------+-------+-------+-------++-------
Melee: Unarmed           |    56 |   157 |   254 |   414 ||   881
       Punch             |       |     1 |     8 |    19 ||    28
Throw: Large rock        |       |     2 |     1 |     6 ||     9
 Cast: Repel Missiles    |       |       |       |     1 ||     1
Invok: Divine Shield     |       |       |       |     4 ||     4
       Summon Divine War |       |       |       |     1 ||     1
Evoke: Wand              |       |       |     5 |     4 ||     9
       Rod               |       |       |     4 |     4 ||     8
  Use: Scroll            |       |     5 |     6 |    15 ||    26
       Potion            |       |     1 |     1 |     7 ||     9
 Stab: Sleeping          |     2 |       |       |     3 ||     5
  Eat: Chunk             |     2 |     9 |    21 |    35 ||    67
       Royal jelly       |       |       |       |     1 ||     1
Armor: Robe              |    43 |    93 |    82 |    69 ||   287
       Skin              |       |     2 |       |    17 ||    19
Dodge: Dodged            |    44 |   129 |   114 |   182 ||   469
       Deflected         |       |       |       |     5 ||     5
Block: Other             |       |       |       |    57 ||    57
       Reflection        |       |       |       |    23 ||    23
       Large shield      |       |       |       |   144 ||   144
